 Dungeon Crawl Stone Soup version 0.29.0-4-gdea44cf6ec (webtiles) character file.

Game seed: 623638593245522218

1479 qw the Cleaver (level 8, 0/48 HPs)
             Began as a Tengu Warper on Aug 28, 2022.
             Was an Initiate of Okawaru.
             Slain by a black bear (3 damage)
             ... on level 6 of the Dungeon.
             The game lasted 00:00:39 (6605 turns).

qw the Cleaver (Tengu Warper)                       Turns: 6605, Time: 00:00:39

Health: 0/48       AC:  6    Str: 13      XL:     8   Next: 79%
Magic:  12/12      EV: 11    Int: 13 (15) God:    Okawaru [......]
Gold:   243        SH:  0    Dex: 11 (13) Spells: 11/11 levels left

rFire   . . .      SeeInvis .   f - +0 war axe
rCold   . . .      Faith    .   (no shield)
rNeg    . . .      Spirit   .   l - +0 scale mail
rPois   .          Reflect  .   (helmet restricted)
rElec   .          Harm     .   (no cloak)
rCorr   .          Rampage  .   (no gloves)
Will    .....                   (boots unavailable)
Stlth   ..........              (no amulet)
HPRegen 0.16/turn               (no ring)
MPRegen 0.13/turn               (no ring)

@: about to teleport, flying quickly and evasively, quick
A: beak, talons 3, nimble flight
a: Renounce Religion


You were on level 6 of the Dungeon.
You worshipped Okawaru.
Okawaru was noncommittal.
You visited 1 branch of the dungeon, and saw 6 of its levels.
You also visited: Ossuary.

You collected 313 gold pieces.
You spent 70 gold pieces at shops.


Innate Abilities, Weirdness & Mutations

You have a beak for a mouth.
You have claws for feet.
Your magical nature lets you fly swiftly and evasively.


   Skills:
 + Level 4.8 Fighting
 - Level 10.2 Axes
 - Level 1.0 Throwing
 - Level 2.2 Armour
 - Level 3.3 Dodging
 - Level 2.0 Spellcasting
 - Level 2.4 Translocations


You had 11 spell levels left.
You didn't know any spells.
Your spell library contained the following spells:

 Spells                   Type           Power      Damage    Failure   Level
 Blink                    Tloc           14%        N/A       56%         2
 Gell's Gravitas          Tloc           7%         N/A       80%         3
 Lesser Beckoning         Tloc           7%         N/A       80%         3
 Teleport Other           Tloc           7%         N/A       80%         3
 Manifold Assault         Tloc           7%         N/A       100%        5

Inventory:

Hand Weapons
 f - a +0 war axe (weapon)
 g - a +0 flail
Missiles
 h - 2 boomerangs (quivered)
Armour
 l - a +0 scale mail (worn)
Jewellery
 d - an amulet of guardian spirit
Scrolls
 c - 2 scrolls of teleportation
 e - 2 scrolls of identify
 i - a scroll of noise {unknown}
Potions
 a - a potion of might {unknown}
 b - a potion of invisibility {unknown}
 j - a potion of heal wounds {unknown}

Dungeon Overview and Level Annotations

Branches:
Dungeon (6/15)            Ossuary (visited)
 Temple: D:4-7

Altars:
Elyvilon
Okawaru
Wu Jian

Shops:
D:6 ?


Message History

The black bear claws you but does no damage.
The orc closely misses you.
You hit the black bear. You claw the black bear.
The black bear is moderately wounded.
You hit the orc but do no damage. The black bear barely misses you.
The black bear closely misses you. The black bear claws you.
The orc priest mumbles some strange prayers to Beogh against you.
Beogh smites you! The orc hits you with a +0 short sword.
You barely miss the black bear.
The black bear is moderately wounded.
You hit the orc. The black bear barely misses you.
The black bear claws you but does no damage.
The black bear barely misses you. The orc barely misses you.
You slash the black bear! Your kick misses the black bear.
Your peck misses the black bear.
The black bear is severely wounded.
You hit the orc but do no damage. The black bear barely misses you.
The black bear claws you but does no damage.
The black bear closely misses you.
The orc priest casts a cantrip, but nothing happens.
The orc hits you but does no damage.
You closely miss the black bear. You claw the black bear.
The black bear is almost dead.
You barely miss the orc.
The black bear goes berserk!
You hit the black bear. Your kick misses the black bear.
You punch the black bear.
The black bear is almost dead.
You hit the orc but do no damage. The black bear bites you!
The black bear claws you.
The black bear claws you but does no damage.
The orc hits you but does no damage.
6605 ||| READING 3 scrolls of teleportation.
As you read the scroll of teleportation, it crumbles to dust.
You feel strangely unstable. The black bear closely misses you.
The black bear claws you. x2
You die...

#....###..##. #
#..........[.# #...## ##..#
.##..#....###..#
.............. ..#..#..%##
####
......###..#..##.........###
.......# #.....#........#
#......# #..............##
#......# ##..o........)..#
###.#... #o.ho........#.##
###.>.. #..#@o......##.##
#..##............# .oh.
##.###...#..## o..o. ###
##.##### oo.#. ### ...# ..


You could see a black bear (berserk), an orc priest, an orc wizard and 2 orcs.

Vanquished Creatures
  An ice beast (D:5)
  A sky beast (D:6)
  A black bear (D:4)
  An ogre (D:4)
  A centaur (D:6)
  A phantom (D:5)
  A kobold brigand (D:4)
  2 elf zombies (Ossuary)
  A necrophage (D:5)
  4 scorpions
  A howler monkey (D:4)
  A centaur zombie (Ossuary)
  A jelly (D:6)
  2 orc priests
  2 iguanas (D:5)
  2 orc wizards
  2 mummies (Ossuary)
  8 adders
  A shadow imp (D:6)
  An ufetubus (D:6)
  An adder zombie (Ossuary)
  A dart slug (D:1)
  7 orcs
  4 endoplasms (D:1)
  6 goblins
  9 hobgoblins
  2 jackals (D:1)
  A quokka (D:1)
  4 ball pythons
  6 bats
  3 frilled lizards
  3 goblin zombies (Ossuary)
  7 hobgoblin zombies (Ossuary)
  2 jackal zombies (Ossuary)
  6 kobolds
  9 kobold zombies (Ossuary)
  10 orc zombies (Ossuary)
  4 rats
  A rat zombie (Ossuary)
121 creatures vanquished.

Notes
Turn   | Place    | Note
-------+----------+-------------------------------------------
     0 | D:1      | qw the Tengu Warper began the quest for the Orb.
     0 | D:1      | Reached XP level 1. HP: 12/12 MP: 4/4
     0 | D:1      | 0 ||| qw: Version: 0.1-a-89-g26bdef1
     0 | D:1      | 0 ||| qw: Game counter: 242
     0 | D:1      | 0 ||| qw: Always use a shield: true
     0 | D:1      | 0 ||| qw: God list: Okawaru
     0 | D:1      | 0 ||| qw: Allow faded altars: false
     0 | D:1      | 0 ||| qw: Do Orc after D:15 true
     0 | D:1      | 0 ||| qw: Do second Lair branch before Depths: true
     0 | D:1      | 0 ||| qw: Lair rune preference: random
     0 | D:1      | 0 ||| qw: Plans: Normal
     0 | D:1      | 0 ||| PLANNING D:1-11
    32 | D:1      | HP: 3/12 [jackal (3)]
   340 | D:1      | HP: 2/12 [frozen (3)]
   342 | D:1      | Reached skill level 3 in Axes
   342 | D:1      | Reached XP level 2. HP: 3/17 MP: 6/6
   604 | D:1      | 604 ||| Stepping ~*~*~tactically~*~*~ (hiding).
   606 | D:1      | 606 ||| Stepping ~*~*~tactically~*~*~ (stealth).
   812 | D:1      | 812 ||| READING scroll labelled ZYVAL ODUCZU.
   813 | D:1      | 813 ||| READING scroll labelled GISIFE IWN.
   817 | D:1      | 817 ||| Stepping ~*~*~tactically~*~*~ (stealth).
   831 | D:1      | Reached XP level 3. HP: 15/21 MP: 7/7
   912 | D:1      | 912 ||| DROPPING +0 club.
   997 | D:1      | 997 ||| Stepping ~*~*~tactically~*~*~ (stealth).
  1010 | D:1      | 1010 ||| DROPPING +0 whip.
  1019 | D:1      | 1019 ||| Stepping ~*~*~tactically~*~*~ (stealth).
  1041 | D:1      | 1041 ||| Stepping ~*~*~tactically~*~*~ (stealth).
  1046 | D:1      | Reached skill level 4 in Axes
  1324 | D:1      | 1324 ||| UPGRADING to amulet of guardian spirit.
  1329 | D:1      | 1329 ||| READING scroll labelled AFROFI NOLESHRUKLI.
  1330 | D:1      | 1330 ||| DROPPING scroll of blinking.
  1610 | D:2      | Reached XP level 4. HP: 22/26 MP: 8/8
  1741 | D:2      | Found a white marble altar of Elyvilon.
  1907 | D:2      | 1907 ||| UPGRADING to +0 ring mail.
  1917 | D:2      | 1917 ||| DROPPING +0 leather armour.
  1918 | D:2      | 1918 ||| UPGRADING to +0 scale mail.
  1928 | D:2      | 1928 ||| DROPPING +0 ring mail.
  1929 | D:2      | 1929 ||| READING scroll labelled FIZEUMU GUOXIE.
  1930 | D:2      | 1930 ||| READING scroll labelled IDIUSE ZIPSEA.
  1931 | D:2      | 1931 ||| READING scroll labelled YREASE NEMP.
  2150 | D:3      | Reached skill level 5 in Axes
  2421 | D:3      | 2421 ||| DROPPING +1 vorpal hand axe.
  2575 | D:3      | 2575 ||| READING 2 scrolls labelled CUNUAV ETOTU.
  2576 | D:3      | 2576 ||| READING scroll labelled VADIHU BITAPSY.
  2688 | D:3      | 2688 ||| READING scroll labelled MAHIBY XAENAMI.
  2689 | D:3      | 2689 ||| DRINKING 3 murky orange potions.
  2690 | D:3      | 2690 ||| DRINKING 2 bubbling grey potions.
  2691 | D:3      | 2691 ||| DROPPING scroll of poison.
  2692 | D:3      | 2692 ||| DROPPING potion of flight.
  2719 | D:4      | Noticed a black bear
  2731 | D:4      | Killed a black bear
  2732 | D:4      | Reached skill level 6 in Axes
  2732 | D:4      | Gained mutation: Your magical nature lets you fly swiftly
                  | and evasively. [Tengu growth]
  2732 | D:4      | Reached XP level 5. HP: 12/30 MP: 3/9
  3028 | D:4      | Noticed a kobold brigand
  3038 | D:4      | HP: 6/30 [kobold brigand/+0 dagger (2)]
  3039 | D:4      | Killed a kobold brigand
  3040 | D:4      | Reached XP level 6. HP: 7/35 MP: 2/10
  3314 | D:4      | Reached skill level 7 in Axes
  4104 | D:5      | Entered Level 5 of the Dungeon
  4105 | D:5      | 4105 ||| PLANNING OSSUARY
  4106 | D:5      | 4106 ||| STAIRDANCE
  4113 | D:4      | Reached skill level 3 in Fighting
  4113 | D:4      | Reached XP level 7. HP: 25/41 MP: 6/11
  4237 | D:5      | Found a sand-covered staircase.
  4341 | Ossuary  | Entered an ossuary
  4499 | Ossuary  | 4499 ||| Stepping ~*~*~tactically~*~*~ (stealth).
  4509 | Ossuary  | 4509 ||| Stepping ~*~*~tactically~*~*~ (stealth).
  4530 | Ossuary  | Reached skill level 8 in Axes
  4834 | Ossuary  | 4834 ||| READING 2 scrolls labelled GEOBLE NAITS.
  4835 | Ossuary  | 4835 ||| DRINKING 4 fizzy sapphire potions.
  4836 | Ossuary  | 4836 ||| DRINKING 2 blue potions.
  4837 | Ossuary  | 4837 ||| DROPPING 3 potions of brilliance.
  4838 | Ossuary  | 4838 ||| DROPPING potion of degeneration.
  4839 | Ossuary  | 4839 ||| DROPPING scroll of amnesia.
  4853 | D:5      | 4853 ||| PLANNING D:1-11
  4894 | D:5      | 4894 ||| Stepping ~*~*~tactically~*~*~ (hiding).
  4897 | D:5      | 4897 ||| Stepping ~*~*~tactically~*~*~ (hiding).
  4902 | D:5      | Reached skill level 9 in Axes
  4902 | D:5      | Reached XP level 8. HP: 39/47 MP: 9/12
  4918 | D:5      | 4918 ||| DRINKING 2 potions of curing.
  4918 | D:5      | 4918 ||| (to cure confusion)
  4923 | D:5      | 4923 ||| FLEEEEING.
  4932 | D:5      | 4932 ||| STAIRDANCE
  5253 | D:5      | 5253 ||| Stepping ~*~*~tactically~*~*~ (stealth).
  5446 | D:5      | 5446 ||| Stepping ~*~*~tactically~*~*~ (stealth).
  5598 | D:5      | 5598 ||| Stepping ~*~*~tactically~*~*~ (stealth).
  5660 | D:6      | 5660 ||| READING scroll of enchant weapon.
  5660 | D:6      | 5660 ||| ENCHANTING +1 vorpal hand axe.
  5818 | D:6      | Found an ornate altar of the Wu Jian Council.
  5864 | D:6      | Found Huiro's Magic Scroll Emporium.
  5873 | D:6      | 5873 ||| BUYING scroll of identify (28 gold).
  5873 | D:6      | Bought a scroll of identify for 28 gold pieces
  5873 | D:6      | 5873 ||| BUYING scroll of teleportation (42 gold).
  5873 | D:6      | Bought a scroll of teleportation for 42 gold pieces
  5899 | D:6      | Reached skill level 10 in Axes
  6043 | D:6      | 6043 ||| DRINKING potion of curing.
  6043 | D:6      | 6043 ||| (to cure confusion)
  6142 | D:6      | 6142 ||| SWAPPING to +0 war axe.
  6143 | D:6      | 6143 ||| DROPPING +0 whip of electrocution.
  6144 | D:6      | 6144 ||| DROPPING +2 vorpal hand axe.
  6183 | D:6      | 6183 ||| Stepping ~*~*~tactically~*~*~ (hiding).
  6398 | D:6      | Found an iron altar of Okawaru.
  6406 | D:6      | Became a worshipper of Warmaster Okawaru
  6407 | D:6      | 6407 ||| REMOVING amulet of guardian spirit.
  6463 | D:6      | Reached skill level 3 in Dodging
  6591 | D:6      | 6591 ||| Stepping ~*~*~tactically~*~*~ (stealth).
  6593 | D:6      | 6593 ||| Stepping ~*~*~tactically~*~*~ (hiding).
  6604 | D:6      | HP: 8/48 [black bear (6)]
  6605 | D:6      | 6605 ||| READING 3 scrolls of teleportation.
  6605 | D:6      | HP: 3/48 [black bear (5)]
  6605 | D:6      | Slain by a black bear

Levels and vault maps discovered:
D:1:      amcnicky_arrival_choice, layout_rooms, serial_glass, glass_columns_a,
          glass_columns_c, glass_columns_b, glass_columns_c, minmay_pentomino_z2
D:2:      layout_rooms, basic_altar
D:3:      layout_basic
D:4:      layout_cave_pods
D:5:      layout_gridville, nicolae_ossuary_entry_ruins
D:6:      layout_cave_pools, pdpol_wu_jian_five_deadly_venoms,
          mainiacjoe_overflow_surrounded_room,
          minmay_temple_entry_enclosed_plants, serial_shops,
          nicolae_diamond_shop

Skill      XL: |  1  2  3  4  5  6  7  8 |
---------------+-------------------------+-----
Axes           | 3 4 6 7 9 10 | 10.2
Fighting       | 3 4 |  4.8
Armour         | 2 |  2.2
Dodging        | 3 |  3.3
Throwing       | |  1.0
Spellcasting   | |  2.0
Translocations | |  2.4

Action                   |  1- 3 |  4- 6 |  7- 9 || total
-------------------------+-------+-------+-------++-------
Melee: Hand axe          |    81 |    70 |   209 ||   360
       Kick              |    19 |    25 |    74 ||   118
       Peck              |     5 |     5 |    40 ||    50
       Punch             |       |     1 |     4 ||     5
       War axe           |       |       |    22 ||    22
Throw: Boomerang         |     7 |       |     3 ||    10
  Use: Scroll            |     3 |     6 |     3 ||    12
       Potion            |       |     2 |     4 ||     6
Armor: Leather armour    |    24 |     5 |       ||    29
       Scale mail        |       |    18 |    60 ||    78
Dodge: Dodged            |    40 |    38 |    86 ||   164

Table legend:
 A = Non-vault XP
 B = Vault XP
 C = Vault XP percentage of total XP
 D = Non-vault monster count
 E = Vault monster count
 F = Vault count percentage of total count
                 A         B        C        D         E       F
            +---------+---------+-------+---------+---------+-------
      Total |    1792 |     322 |  15.2 |      83 |      38 |  31.4
            +---------+---------+-------+---------+---------+-------
        D:1 |      53 |       0 |   0.0 |      29 |       0 |   0.0
        D:2 |      53 |       0 |   0.0 |      12 |       0 |   0.0
        D:3 |      22 |       0 |   0.0 |       7 |       0 |   0.0
        D:4 |     508 |       0 |   0.0 |       8 |       0 |   0.0
        D:5 |     603 |       0 |   0.0 |      15 |       0 |   0.0
        D:6 |     553 |       0 |   0.0 |      12 |       0 |   0.0
    Ossuary |       0 |     322 | 100.0 |       0 |      38 | 100.0
            +---------+---------+-------+---------+---------+-------
